 Dungeon Crawl Stone Soup version 0.27-a0-661-gca034ae587 (webtiles) character file.

Game seed: 4421712477260033563

1717 Johnny the Magician (level 8, -1/52 HPs)
             Began as a Deep Elf Earth Elementalist on Mar 17, 2021.
             Slain by Pikel
             ... wielding a +0 whip of freezing
              (8 damage)
             ... on level 7 of the Dungeon.
             The game lasted 00:07:45 (8784 turns).

Johnny the Magician (Deep Elf Earth Elementalist)   Turns: 8784, Time: 00:07:46

Health: -1/52      AC:  5    Str:  5    XL:     8   Next: 74%
Magic:  12/21      EV: 12    Int: 23    God:
Gold:   233        SH:  0    Dex: 15    Spells: 9/22 levels left

rFire    . . .     SeeInvis .   i - +0 whip (elec)
rCold    . . .     Faith    .   (no shield)
rNeg     . . .     Spirit   .   c - +0 robe
rPois    .         Reflect  .   (no helmet)
rElec    .         Harm     .   z - +1 cloak
rCorr    .         Rampage  .   q - +0 pair of gloves
Will     +....                  (no boots)
Stlth    ++........             (no amulet)
HPRegen  0.17/turn              t - ring of willpower
MPRegen  0.17/turn              (no ring)

@: no status effects
A: no striking features
a: no special abilities


You were on level 7 of the Dungeon.
You visited 1 branch of the dungeon, and saw 7 of its levels.

You collected 233 gold pieces.

Inventory:

Hand Weapons
 i - a +0 whip of electrocution (weapon)
 r - a +0 dagger of venom
Missiles
 b - 44 stones
Armour
 c - a +0 robe (worn)
 q - a +0 pair of gloves (worn)
 z - a +1 cloak (worn)
Jewellery
 t - a ring of willpower (right hand)
Wands
 g - a wand of digging (11)
 x - a wand of mindburst (20)
 y - a wand of paralysis (9)
Scrolls
 a - 2 scrolls of immolation
 f - a scroll of identify
 j - a scroll of enchant armour {unknown}
 k - 3 scrolls of magic mapping
 m - 2 scrolls of fog
 o - a scroll of blinking
 p - 7 scrolls of teleportation
 s - 3 scrolls of noise {unknown}
 v - a scroll of enchant weapon {unknown}
Potions
 d - a potion of brilliance
 e - a potion of berserk rage {unknown}
 h - a potion of magic
 l - a potion of flight
 n - a potion of heal wounds {unknown}
 u - a potion of invisibility {unknown}
 w - a potion of ambrosia {unknown}


   Skills:
 * Level 6.5 Fighting
 - Level 2.4 Dodging
 - Level 2.4 Stealth
 + Level 7.9 Spellcasting
 - Level 1.1 Transmutations
 + Level 7.0 Earth Magic


You had 9 spell levels left.
You knew the following spells:

 Your Spells              Type           Power      Damage    Failure   Level
a - Sandblast             Erth           82%        2d17      1%          1
b - Stone Arrow           Conj/Erth      50%        3d10      4%          3
c - Lee's Rapid Deconstr  Erth           20%        3d13*     11%         5
d - Petrify               Tmut/Erth      27%        N/A       13%         4

Your spell library contained the following spells:

 Spells                   Type           Power      Damage    Failure   Level
 Passwall                 Tmut/Erth      22%        N/A       1%          2


Dungeon Overview and Level Annotations

Branches:
Dungeon (7/15)
 Temple: D:4-7

Altars:
Dithmenos
Elyvilon
Gozag
Hepliaklqana
Nemelex Xobeh
Okawaru
Sif Muna
Xom

Annotations:
D:7 Pikel


Message History

Aim: Pikel, wielding a +0 whip of freezing and wearing a +0 robe (heavily wounded, 21% to evade)
The blast of sand hits Pikel but does no damage.
Pikel is heavily wounded.
Pikel barely misses you.
Casting: Sandblast (safe; 1% risk of failure)
Confirm with . or Enter, or press ? or * to list all spells.
Aiming: Sandblast (safe; 1% risk of failure)
Press: ? - help, Shift-Dir - straight line, f/p - Pikel
Aim: Pikel, wielding a +0 whip of freezing and wearing a +0 robe (heavily wounded, 21% to evade)
The blast of sand hits Pikel but does no damage.
Pikel is heavily wounded.
Pikel hits you with a +0 whip of freezing.
* * * LOW HITPOINT WARNING * * *
Pikel freezes you.
* * * LOW HITPOINT WARNING * * *
Unknown command.
Press: ? - help, v - describe, . - travel, g - get item
Here: Pikel, wielding a +0 whip of freezing and wearing a +0 robe (heavily wounded)
Items here: a +0 club; a +0 leather armour; a +0 short sword.
The floor.
Unknown command.
Aiming: Paralyse
Press: ? - help, Shift-Dir - straight line, f/p - Pikel
Aim: Pikel, wielding a +0 whip of freezing and wearing a +0 robe (heavily wounded, chance to affect: 46%) Pikel resists with some effort.
Pikel barely misses you.
Aiming: Paralyse
Press: ? - help, Shift-Dir - straight line, f/p - Pikel
Aim: Pikel, wielding a +0 whip of freezing and wearing a +0 robe (heavily wounded, chance to affect: 46%) Pikel resists with some effort.
Pikel hits you with a +0 whip of freezing.
* * * LOW HITPOINT WARNING * * *
Pikel freezes you.
* * * LOW HITPOINT WARNING * * *
Okay, then.
Aiming: Paralyse
Press: ? - help, Shift-Dir - straight line, f/p - Pikel
Aim: Pikel, wielding a +0 whip of freezing and wearing a +0 robe (heavily wounded, chance to affect: 46%) Pikel resists with some effort.
Pikel hits you with a +0 whip of freezing!
You die...

...............
...............
.....##..####..
.##..##..### .##..##....#
..)........# #
..)..##....# ####..#
.....##....###+###5.$...'
.##..##.........@K5.#
.##..##.........##o.#
......#.........# ..#
.....##..####...# ....
.....#### #...# .....
......+ .............
.##..## .............#
.##..##..##.....##......#
......#..#####


You could see Pikel, 2 lemures and an orc.

Vanquished Creatures
  Eustachio (D:6)
  An orc warrior (D:7)
  2 ice beasts
  2 lemures (D:7)
  3 phantoms
  A bullfrog (D:6)
  A water moccasin zombie (D:5)
  A scorpion (D:2)
  3 howler monkeys
  5 hounds
  Crazy Yiuf (D:6)
  A bullfrog skeleton (D:5)
  2 orc priests (D:4)
  7 worker ants
  5 orc wizards
  4 gnolls (D:5)
  7 adders
  A shadow imp (D:7)
  A worm (D:4)
  4 dart slugs
  5 leopard geckos
  20 orcs
  A ball python (D:5)
  8 bats
  6 giant cockroaches
  13 goblins
  5 hobgoblins
  7 jackals (D:3)
  10 kobolds
  3 quokkas
  9 frilled lizards
  A jackal skeleton (D:5)
  5 rats
146 creatures vanquished.

Notes
Turn   | Place    | Note
-------+----------+-------------------------------------------
     0 | D:1      | Johnny the Deep Elf Earth Elementalist began the quest for
                  | the Orb.
     0 | D:1      | Reached XP level 1. HP: 10/10 MP: 6/6
   377 | D:1      | Reached XP level 2. HP: 16/16 MP: 6/8
   408 | D:1      | Reached skill level 1 in Fighting
   903 | D:1      | Reached XP level 3. HP: 20/20 MP: 10/10
  1350 | D:2      | Found a sparkling altar of Nemelex Xobeh.
  1876 | D:2      | Reached XP level 4. HP: 15/26 MP: 9/11
  2037 | D:2      | Found a shimmering blue altar of Sif Muna.
  2395 | D:2      | Reached XP level 5. HP: 30/31 MP: 13/13
  2421 | D:2      | Found an opulent altar of Gozag.
  2914 | D:3      | Found a shadowy altar of Dithmenos.
  3505 | D:3      | Found a faded altar of an unknown god.
  3944 | D:3      | Found an iron altar of Okawaru.
  4130 | D:4      | Noticed a phantom
  4140 | D:5      | Entered Level 5 of the Dungeon
  4397 | D:5      | Found a shimmering altar of Xom.
  4398 | D:5      | Found a hazy altar of Hepliaklqana.
  4399 | D:5      | Noticed a spectral ugly thing
  4419 | D:5      | Reached XP level 6. HP: 37/37 MP: 15/15
  4540 | D:5      | Reached skill level 5 in Spellcasting
  4847 | D:5      | Reached skill level 5 in Earth Magic
  4869 | D:5      | Learned a level 3 spell: Stone Arrow
  4875 | D:5      | Learned a level 5 spell: Lee's Rapid Deconstruction
  4880 | D:5      | Learned a level 4 spell: Petrify
  5130 | D:5      | Found a white marble altar of Elyvilon.
  5410 | D:5      | Noticed an ice beast
  5744 | D:5      | Killed an ice beast
  5745 | D:5      | Reached XP level 7. HP: 43/43 MP: 7/17
  6552 | D:4      | HP: 2/44 [orc priest/divine providence (13)]
  6553 | D:4      | Reached skill level 5 in Fighting
  6882 | D:4      | Reached XP level 8. HP: 46/49 MP: 12/20
  7756 | D:6      | Noticed Eustachio
  7785 | D:6      | Killed Eustachio
  8290 | D:6      | Found a runed translucent door.
  8291 | D:6      | Noticed Crazy Yiuf
  8550 | D:6      | Killed Crazy Yiuf
  8769 | D:7      | Noticed Pikel
  8784 | D:7      | Slain by Pikel

Illustrated notes

Levels and vault maps discovered:
D:1:      kennysheep_arrival_seaside, layout_basic
D:2:      layout_basic, overflow_temple_1_default, lemuel_round_altar,
          lemuel_crystal_altar
D:3:      layout_loops_ring, kennysheep_okawaru_gauntlet, grunt_dithmenos_smoke,
          chequers_ecumenical_altar_island, st_stairs_3
D:4:      layout_cave_pools
D:5:      layout_basic, regret_index_temple_of_mockery, elyvilon_altar_1
D:6:      layout_basic, uniq_eustachio, uniq_crazy_yiuf_cottage
D:7:      layout_gridville, lemuel_mausoleum_altar_kikubaaqudgha,
          nicolae_overflow_crystal_walls, minmay_temple_entry_mini_moons,
          minmay_guarded_unrand_staff_of_olgreb, uniq_duvessa, uniq_pikel

Skill      XL: |  1  2  3  4  5  6  7  8 |
---------------+-------------------------+-----
Fighting       | 1 2 3 4 5 6 |  6.5
Earth Magic    | 4 5 6 7 |  7.0
Spellcasting   | 4 5 6 7 |  7.9
Dodging        | |  2.4
Stealth        | |  2.4
Transmutations | |  1.1

Action                   |  1- 3 |  4- 6 |  7- 9 || total
-------------------------+-------+-------+-------++-------
Melee: Unarmed           |     5 |       |       ||     5
       Whip              |    24 |   107 |    35 ||   166
 Cast: Sandblast         |    34 |    78 |    76 ||   188
       Stone Arrow       |       |     3 |    22 ||    25
Evoke: Wand              |       |       |     3 ||     3
  Use: Scroll            |       |     9 |     5 ||    14
       Potion            |       |       |     2 ||     2
 Stab: Sleeping          |     3 |     3 |       ||     6
       Distracted        |       |       |     1 ||     1
Armor: Robe              |     7 |    33 |     8 ||    48
Dodge: Dodged            |    27 |   112 |    34 ||   173

Table legend: (Time is in decaauts)
 A = Elapsed time spent in this place.
 B = Non-inter-level travel time spent in this place.
 C = Inter-level travel time spent in this place.
 D = Time resting spent in this place.
 E = Time spent auto-exploring this place.
 F = Levels seen in this place.
 G = Mean time per level.
                   A        B        C        D        E       F      G
               +--------+--------+--------+--------+--------+-----+--------+
         Total |   8808 |   8659 |    149 |   2174 |   5484 |   7 | 1258.3 |
       Dungeon |   8808 |   8659 |    149 |   2174 |   5484 |   7 | 1258.3 |
               +--------+--------+--------+--------+--------+-----+--------+

Top non-repeatable levels by time:
     D:5: 1977 daAuts
     D:3: 1486 daAuts
     D:1: 1344 daAuts
     D:4: 1318 daAuts
     D:2: 1301 daAuts
     D:6: 1203 daAuts
     D:7: 177 daAuts
